Zazza, neutral female human Tourist # ^ --------------- -.-|-- |....^.........################ #.....| |....`........| # #|.)...# |.....*......%| #####..)..|# |....*........-# ###----|-# |.....`.......|# ###### # # ---.-.---------# # # # # ######### # ### ### # ---------- # # # # # # |........| ####### ## ### ---.-### # |...._...-####### -----|---- #-------#########....+ # # |...<....| # |.........############|......###### |...| #### |.........########-........| #|...(.|# ##-...| ##----- |........| |........| #|.....-#########|...| #|...| ---------- |........| #......|# ####-...| #|...| ---------- #-------# # |...| #-...| ############################# ----- |...| ----- Zazza the Peregrinatrix Experience level: 12 Strength: 25 Dexterity: 16 Constitution: 18 Intelligence: 17 Wisdom: 14 Charisma: 17 Health: 123(123) Energy: 51(51) Def: 21 Gold: 0 Moves: 33981 Dungeon seed: YOCP1cNu9498hoAi Game ID: Zazza_1564185334 Your Inventory: Amulets p - an uncursed amulet of reflection (being worn) Armor e - an uncursed +0 Hawaiian shirt (being worn) n - an uncursed +0 dwarvish mithril-coat (being worn) q - an uncursed rustproof +1 pair of gauntlets of power (being worn) r - an uncursed +5 orcish helm (being worn) F - an uncursed rusty +2 pair of kicking boots (being worn) N - a blessed +1 cloak of invisibility (being worn) Rings a - an uncursed ring of warning (on right hand) Z - an uncursed ring of free action (on left hand) Wands d - a wand of teleportation (0:4) o - a wand of teleportation (0:5) Tools f - a cursed magic lamp (lit) k - an uncursed skeleton key m - an uncursed mirror s - an uncursed magic whistle t - an uncursed towel u - a blessed +0 unicorn horn (weapon in hands) z - a blessed bag of holding I - an expensive camera (0:70) Gems v - 3 uncursed fluorite stones y - a blessed luckstone H - 2 blessed touchstones Y - 4 uncursed jade stones Contents of the bag of holding: 1834 gold pieces an uncursed amulet of magical breathing a cheap plastic imitation of the Amulet of Yendor an uncursed +0 helmet an uncursed +0 helmet an uncursed +0 helmet an uncursed +0 pair of leather gloves a cursed +0 pair of leather gloves 3 uncursed K-rations an uncursed egg 16 uncursed food rations 3 uncursed lizard corpses 15 uncursed lumps of royal jelly an uncursed orange an uncursed slime mold an uncursed sprig of wolfsbane an uncursed tripe ration an uncursed scroll of create monster an uncursed scroll of earth an uncursed scroll of identify an uncursed scroll of magic mapping an uncursed scroll of teleportation an uncursed potion of booze a blessed potion of enlightenment a potion of holy water an uncursed potion of paralysis a blessed potion of restore ability an uncursed potion of water a wand of cold (0:5) a wand of cold (0:1) a wand of death (0:5) an uncursed tooled horn 2 uncursed citrine stones a cursed luckstone a cursed topaz stone Spells and supernatural/magical abilities: Name Level Category Fail Memory n - detect monsters 1* divination 100% 0% u - confuse monster 2 enchantment 100% 61% V - teleportitis -- ability ? -- W - pray for help -- divine ? -- Your skills at the end: Fighting Skills Weapon Skills dagger [Expert] dart [Basic] unicorn horn [Skilled] Spellcasting Skills Final Attributes: You were piously aligned. You were fire resistant. You were sleep resistant. You were shock resistant. You were poison resistant. You were telepathic. You were warned. You had automatic searching. You were invisible. You could teleport. You had teleport control. You were protected. You were fast. You had reflection. You had free action. You were lucky. You had extra luck. Good luck did not time out for you. You are dead. Vanquished creatures: a baluchitherium 3 vampires 5 ghosts a queen bee a winged gargoyle 2 giant mimics a zruty 4 fire giants an ogre king an ice troll 4 flesh golems 3 Elvenkings 5 large mimics a wumpus a baby long worm 2 baby purple worms 2 long worms a couatl a stalker 2 water elementals 4 hill giants 2 black nagas a xorn a giant zombie 4 elf-lords a warg 5 small mimics 4 ettin mummies a quantum mechanic 4 trolls 2 sasquatches 2 gelatinous cubes a freezing sphere a flaming sphere 2 shocking spheres a tiger 2 gargoyles 4 dwarf kings 7 tengu an ochre jelly a leocrotta 2 energy vortices a mountain centaur a stone giant 3 elf mummies 3 human mummies a pit viper 2 pythons 2 wraiths a carnivorous ape 2 ettin zombies 2 leather golems 6 Grey-elves 3 soldiers a succubus an incubus 6 chameleons 3 giant beetles 2 cockatrices 13 wolves a lynx 2 gremlins a spotted jelly 34 leprechauns 3 orc-captains 3 iron piercers a mumak 6 giant spiders a scorpion a horse 3 ice vortices 5 black lights 2 vampire bats 4 forest centaurs 12 gnome kings 5 orc mummies 3 dwarf mummies 2 ogres 3 brown puddings a rust monster 4 owlbears 2 yetis 3 gold golems 2 werewolves 2 Green-elves 6 lizards 2 dogs a dingo 4 jaguars 2 dwarf lords a blue jelly 2 black unicorns 4 dust vortices 5 ravens 2 plains centaurs 3 gnome mummies 5 snakes 4 apes 8 human zombies 2 rope golems 3 Woodland-elves 5 soldier ants 2 fire ants 9 bugbears 2 imps 3 quasits 5 wood nymphs 3 water nymphs 3 mountain nymphs 27 Mordor orcs 11 Uruk-hai 5 orc shamans 5 rock piercers 3 rock moles 5 ponies 3 fog clouds 6 yellow lights 6 shriekers 5 violet fungi 17 gnome lords 6 gnomish wizards 3 kobold mummies 2 golden naga hatchlings 3 gray oozes 2 barrow wights 8 elf zombies 3 ghouls 2 straw golems 3 paper golems a baby crocodile 3 giant ants 2 little dogs 13 floating eyes 7 kittens 25 dwarves 2 homunculi 3 kobold lords 6 kobold shamans 23 hill orcs 27 rothes 2 rabid rats 2 centipedes 4 giant bats 7 orc zombies 7 dwarf zombies a wererat 3 werejackals 8 iguanas 23 killer bees 5 acid blobs 5 coyotes 3 gas spores 9 hobbits 8 manes 5 large kobolds 15 hobgoblins 13 giant rats 4 cave spiders a brown mold 4 yellow molds 7 green molds 2 red molds 61 gnomes 25 garter snakes 8 gnome zombies 13 geckos 20 jackals 2 foxes 5 kobolds 5 goblins 6 sewer rats 17 grid bugs 7 bats 6 lichens 6 kobold zombies 17 newts 913 creatures vanquished. Genocided species: chickatrices cockatrices pyrolisks hobbits dwarves bugbears dwarf lords dwarf kings mind flayers master mind flayers small mimics large mimics giant mimics 13 species genocided. Voluntary challenges: You had been an atheist until turn 2805. You used a wielded weapon 1526 times, starting on turn 130. You read items or engraved 32 times, starting on turn 267. You genocided 13 types of monsters, starting on turn 30804. You never polymorphed an object. You never changed form. You used no wishes. You never split a pudding. You wrote Elbereth's name 13 times, starting on turn 2848. You violated your moral code, losing 113 points of alignment, starting on turn 6922. Dungeon overview: The Dungeons of Doom: levels 1 to 20 Level 1 a long staircase Level 2 a potion shop, a fountain Level 3 an armor shop, some fountains stairs to The Gnomish Mines Level 4 Level 5 (unicorn) a general store, a fountain Level 6 (home) a jewelry store, a fountain, a sink Level 7 a fountain Level 8 many fountains Level 9 a fountain stairs to Sokoban Level 10 (gold) some fountains Level 11 (gold) a jewelry store Level 12 (cemetery) Level 13 (gold) a fountain portal to Fort Ludios Level 14 an altar to The Lady, a fountain a magic portal Level 15 (gold) an altar to Offler, some fountains Level 16 Level 17 an armor shop, a fountain Level 18 a fountain Level 19 an altar to Blind Io, a fountain Level 20 <- You were here an altar to The Lady The Gnomish Mines: levels 4 to 12 Level 4 stairs to The Dungeons of Doom Level 5 Level 6 Level 7 many shops, a temple to Blind Io, some fountains Level 8 Level 9 Level 10 Level 11 Level 12 some fountains Sokoban: levels 5 to 8 Level 5 Level 6 Level 7 Level 8 stairs to The Dungeons of Doom Fort Ludios: Level 1 portal to The Dungeons of Doom History has recorded: On T:1 you entered the Dungeons of Doom to retrieve the Amulet of Yendor! On T:262 you reached level 2 of The Dungeons of Doom. On T:1112 you reached level 3 of The Dungeons of Doom. On T:1820 you advanced to experience level 2. On T:1913 you advanced to experience level 3. On T:2437 you reached level 1 of The Gnomish Mines. On T:2551 you advanced to experience level 4. On T:2723 you reached level 2 of The Gnomish Mines. On T:2749 you advanced to experience level 5. On T:3346 you reached level 3 of The Gnomish Mines. On T:3348 you advanced to experience level 6. On T:4305 you advanced to experience level 7. On T:4383 you reached level 4 of The Gnomish Mines. On T:6270 you advanced to experience level 8. On T:6802 you reached level 4 of The Dungeons of Doom. On T:7125 you reached level 5 of The Dungeons of Doom. On T:10379 you advanced to experience level 9. On T:10770 you advanced to experience level 10. On T:11445 you reached level 6 of The Dungeons of Doom. On T:12655 you reached level 7 of The Dungeons of Doom. On T:12865 you reached level 8 of The Dungeons of Doom. On T:13105 you reached level 9 of The Dungeons of Doom. On T:13531 you reached level 4 of Sokoban. On T:14086 you reached level 3 of Sokoban. On T:14662 you reached level 2 of Sokoban. On T:15152 you reached level 1 of Sokoban. On T:16703 you reached level 10 of The Dungeons of Doom. On T:17599 you reached level 11 of The Dungeons of Doom. On T:18724 you reached level 12 of The Dungeons of Doom. On T:18958 you reached level 13 of The Dungeons of Doom. On T:19342 you advanced to experience level 11. On T:21251 you reached level 5 of The Gnomish Mines. On T:21821 you reached level 6 of The Gnomish Mines. On T:22608 you reached level 7 of The Gnomish Mines. On T:22936 you reached level 8 of The Gnomish Mines. On T:23314 you reached level 9 of The Gnomish Mines. On T:27143 you reached Fort Ludios. On T:27232 you reached level 14 of The Dungeons of Doom. On T:30072 you advanced to experience level 12. On T:30844 you reached level 15 of The Dungeons of Doom. On T:31187 you reached level 16 of The Dungeons of Doom. On T:31456 you reached level 17 of The Dungeons of Doom. On T:31915 you reached level 18 of The Dungeons of Doom. On T:33101 you reached level 19 of The Dungeons of Doom. On T:33334 you reached level 20 of The Dungeons of Doom. Score breakdown: Gold: 1301 (10594 points) Experience: 12 levels (18476 points) Exploration: 20 levels ( 40.82%) (18874 points) Discoveries: 139 items ( 46.64%) (20488 points) Valuables value: (no points given unless you survive) Artifact value: 0 ( 0 points) Variety of kills: 176 monsters ( 46.19%) (20389 points) Turncount: 33981 turns (-4185 points) Survival: died (score multiplied by 80%) Total score: 67708 Latest messages: With great effort you move the boulder. There are several objects here. With great effort you move the boulder. There are several objects here. Y - 4 jade stones. v - 3 violet gems. There are a few objects here. You hear a crunching sound. The rust monster touches you! Your cloak of invisibility is not affected. The rust monster touches you! Your pair of kicking boots rusts! The rust monster misses. (2x) You hit it. Your unicorn horn is not affected. The rust monster misses. (2x) You kill the rust monster! Your unicorn horn is not affected. You see here a rust monster corpse. You choke over it. You die... Final status: Aloha Zazza the Tourist, choked on a quick snack... You choked in The Dungeons of Doom on dungeon level 20 with 67708 points, and 1834 pieces of gold, after 33981 moves. You were level 12 with a maximum of 123 hit points when you choked.